 Dungeon Crawl Stone Soup version 0.24-a0-487-g57318f2ed0 (webtiles) character file.

Game seed: 15942083838803874441

42 Gynju the Conjurer (level 3, 0/19 HPs)
             Began as a Deep Elf Conjurer on July 11, 2019.
             Slain by a worker ant (6 damage)
             ... on level 2 of the Dungeon.
             The game lasted 00:02:00 (1233 turns).

Gynju the Conjurer (Deep Elf Conjurer)              Turns: 1233, Time: 00:02:01

Health: 0/19       AC:  2    Str:  6    XL:     3   Next: 33%
Magic:  3/10       EV: 13    Int: 19    God:
Gold:   57         SH:  0    Dex: 15    Spells: 8/9 levels left

rFire    . . .     SeeInvis .   j - +0 hand axe
rCold    . . .     Gourm    .   (no shield)
rNeg     . . .     Faith    .   a - +0 robe
rPois    .         Spirit   .   (no helmet)
rElec    .         Reflect  .   (no cloak)
rCorr    .         Harm     .   (no gloves)
MR       .....                  (no boots)
Stlth    ++........             (no amulet)
HPRegen  0.06/turn              (no ring)
MPRegen  0.12/turn              (no ring)

@: lethally poisoned (0 -> -8)
A: no striking features
a: no special abilities


You were on level 2 of the Dungeon.
You were not hungry.

You visited 1 branch of the dungeon, and saw 2 of its levels.

You collected 57 gold pieces.

Inventory:

Hand Weapons
 j - a +0 hand axe (weapon)
Armour
 a - a +0 robe (worn)
 h - a +0 cloak
Jewellery
 d - an uncursed ring of protection from fire {unknown}
Scrolls
 f - a scroll of teleportation {unknown}
 g - 2 scrolls of identify {unknown}
 i - a scroll of noise {unknown}
 k - a scroll of fog {unknown}
 l - a scroll of blinking {unknown}
Potions
 e - a potion of curing {unknown}
Comestibles
 b - a chunk of flesh
 c - 7 rations


   Skills:
 + Level 3.2 Dodging
 - Level 2.4 Stealth
 + Level 3.9 Spellcasting
 + Level 4.8 Conjurations


You had 8 spell levels left.
You knew the following spells:

 Your Spells              Type           Power        Failure   Level  Hunger
a - Magic Dart            Conj           ###.         1%          1    None

Your spell library contained the following spells:

 Spells                   Type           Power        Failure   Level  Hunger
 Searing Ray              Conj           ###...       2%          2    ##.....
 Dazzling Spray           Conj/Hex       ##....       16%         3    ###....
 Iskenderun's Mystic Bla  Conj           ###.....     19%         4    ####...
 Force Lance              Conj/Tloc      ##......     45%         4    ####...
 Fulminant Prism          Conj/Hex       ##........   45%         4    ####...


Dungeon Overview and Level Annotations

Branches:
Dungeon (2/15)

Altars:
Xom


Message History

The worker ant bites you!
You are poisoned.
The worker ant poisons you!
Casting: Magic Dart (safe; 1% risk of failure)
Confirm with . or Enter, or press ? or * to list all spells.
Aiming: Magic Dart (safe; 1% risk of failure)
Press: ? - help, Shift-Dir - straight line, f/p - worker ant
Aim: a worker ant (moderately wounded)
The magic dart hits the worker ant.
The worker ant is severely wounded.
You feel sick. The worker ant bites you.
Casting: Magic Dart (safe; 1% risk of failure)
Confirm with . or Enter, or press ? or * to list all spells.
Aiming: Magic Dart (safe; 1% risk of failure)
Press: ? - help, Shift-Dir - straight line, f/p - worker ant
Aim: a worker ant (severely wounded)
The magic dart hits the worker ant.
The worker ant is severely wounded.
You feel sick. The worker ant barely misses you. The worker ant bites you.
You die...

.........#.##.#.#######
####.###.#.##..........
#รท# #.#.##.....#.## #.#
#.#......(...# #.#
#.####.#.#.### #.#
#.####.#.#.#
####.###......#.#.#####..
#....)...# ####+#........
#.##.###.# #..@#######.
#.##.## #..a..# #.....##
#....[..# #..#...#
#.........#
..........+.........+
#........##...$.....#
##.##.######.......##
..[.## ##.....## #.#.#


You could see a worker ant.

Vanquished Creatures
  2 dart slugs (D:1)
  2 leopard geckos (D:1)
  3 bats
  A giant cockroach (D:2)
  3 goblins (D:1)
  5 hobgoblins
  5 kobolds
  A quokka (D:2)
  4 frilled lizards
  7 rats
33 creatures vanquished.

Notes
Turn   | Place    | Note
-------+----------+-------------------------------------------
     0 | D:1      | Gynju the Deep Elf Conjurer began the quest for the Orb.
     0 | D:1      | Reached XP level 1. HP: 10/10 MP: 6/6
   142 | D:1      | Reached XP level 2. HP: 15/15 MP: 6/8
   572 | D:1      | Reached XP level 3. HP: 19/19 MP: 8/10
   991 | D:2      | Found a shimmering altar of Xom.
  1233 | D:2      | Slain by a worker ant

Levels and vault maps discovered:
D:1:      roderic_crop_circles_arrival_small, layout_rooms,
          grunt_decor_one_mirror, hangedman_decor_growths, minmay_vboxes
D:2:      layout_loops_corners, old_standard_altar

Skill      XL: |  1  2 |
---------------+-------+-----
Dodging        | 3 |  3.2
Stealth        | |  2.4
Spellcasting   | |  3.9
Conjurations   | |  4.8

Action                   || total
-------------------------++-------
 Cast: Magic Dart        ||    63
  Eat: Chunk             ||     1
Dodge: Dodged            ||     2

Table legend:
 A = Non-vault XP
 B = Vault XP
 C = Vault XP percentage of total XP
 D = Non-vault monster count
 E = Vault monster count
 F = Vault count percentage of total count
                 A         B        C        D         E       F
            +---------+---------+-------+---------+---------+-------
      Total |      49 |      11 |  18.3 |      27 |       6 |  18.2
            +---------+---------+-------+---------+---------+-------
        D:1 |      36 |      11 |  23.4 |      19 |       6 |  24.0
        D:2 |      13 |       0 |   0.0 |       8 |       0 |   0.0
            +---------+---------+-------+---------+---------+-------
